 Dungeon Crawl Stone Soup version 0.23.1 (webtiles) character file.

Game seed: 932747285852250583

3873 teukkam the Blocker (level 10, -3/90 HPs)
             Began as a Minotaur Fighter on Mar 6, 2019.
             Was an Elder of Wu Jian.
             Slain by Duvessa
             ... wielding a +1 short sword of flaming
              (5 damage)
             ... on level 7 of the Dungeon.
             The game lasted 00:30:58 (9929 turns).

teukkam the Blocker (Minotaur Fighter)              Turns: 9929, Time: 00:30:58

Health: -3/90      AC:  3    Str: 23 (26) XL:     10   Next: 0%
Magic:  9/9        EV:  9    Int:  4 (5)  God:    Wu Jian [****..]
Gold:   423        SH: 11    Dex: 11      Spells: 9/9 levels left

rFire    + . .     SeeInvis .   a - +1 falchion (slice)
rCold    + . .     Gourm    .   c - +0 shield
rNeg     . . .     Faith    .   D - -1 leather armour (curse)
rPois    +         Spirit   .   (helmet restricted)
rElec    +         Reflect  .   (no cloak)
rCorr    +         Harm     .   (no gloves)
MR       .....                  (no boots)
Stlth    +.........             (no amulet)
HPRegen  0.25/turn              k - +3 ring of strength
MPRegen  0.11/turn              w - ring of poison resistance

@: resistant
A: retaliatory headbutt, horns 2
a: Wall Jump, Serpent's Lash, Renounce Religion


You were on level 7 of the Dungeon.
You worshipped Wu Jian.
Wu Jian was greatly pleased with you.
You were not hungry.

You visited 2 branches of the dungeon, and saw 8 of its levels.

You collected 423 gold pieces.

Inventory:

Hand Weapons
 a - a +1 falchion of slicing (weapon)
 b - a +3 hunting sling
 p - a +0 shortbow
 q - a +0 vampiric trident
 r - a +0 war axe
 C - a +2 flail of holy wrath
Missiles
 g - 21 tomahawks
 h - 186 arrows
 l - 12 curare-tipped needles
 t - 9 throwing nets (quivered)
 F - 16 bolts
 I - 5 poisoned needles
 K - 208 stones
Armour
 c - a +0 shield (worn)
 j - a +2 ring mail of cold resistance
 D - a cursed -1 leather armour (worn)
Jewellery
 k - a +3 ring of strength (left hand)
 o - an uncursed ring of magical power
 u - an uncursed ring of protection from cold
 w - a ring of poison resistance (right hand)
 z - an uncursed ring of resist corrosion
Wands
 d - a wand of acid (4)
 B - a wand of iceblast (6)
 H - a wand of polymorph (8)
Scrolls
 e - 3 scrolls of remove curse
 m - a scroll of random uselessness {unknown}
 s - a scroll of amnesia {unknown}
 x - a scroll of fog
 y - 2 scrolls of teleportation
 A - 3 scrolls of immolation
 J - 4 scrolls of identify
Potions
 i - a potion of mutation
 n - a potion of resistance
 E - 4 potions of agility
Comestibles
 f - 9 rations


   Skills:
 + Level 8.9 Fighting
 + Level 5.4 Long Blades
 - Level 6.3 Axes
 + Level 4.7 Slings
 + Level 9.0 Armour
 + Level 9.0 Shields


You had 9 spell levels left.
You didn't know any spells.
Your spell library was empty.

Dungeon Overview and Level Annotations

Branches:
Dungeon (7/15)             Temple (1/1) D:5

Altars:
Ashenzari
Fedhas
Gozag
Kikubaaqudgha
Makhleb
Nemelex Xobeh
Okawaru
Qazlal
Vehumet
Wu Jian
Yredelemnul

Shops:
D:5 }:   D:7 [

Annotations:
D:7 Duvessa


Innate Abilities, Weirdness & Mutations

You reflexively headbutt those who attack you in melee.
You have a pair of horns on your head.


Message History

Duvessa goes berserk!
Duvessa rages.
Items here: )) [[ ††
C - a +2 flail of holy wrath Duvessa hits you with a +1 short sword of flaming!
* * * LOW HITPOINT WARNING * * *
Duvessa burns you.
* * * LOW HITPOINT WARNING * * *
You feel better.
Duvessa hits you with a +1 short sword of flaming!
* * * LOW HITPOINT WARNING * * *
Duvessa burns you.
* * * LOW HITPOINT WARNING * * *
An orc comes into view. It is wielding a +0 dagger.
You feel protected. You block Duvessa's attack. x2
You barely miss Duvessa. You headbutt Duvessa.
Duvessa is lightly wounded.
Duvessa hits you with a +1 short sword of flaming.
You die...

. .. ... ###'####.
#.# ....$..#. #.#
.......#.## #.#
.....?. ..# #.#
O...... #.# #.#
S......##.######.#
.....(((()(.o..e.#
........o..#####@#
.......##..# #)#
##'#### #..# #)# #
#..## #)# #...#
#.# #.#.# #.#
#.#.## #.# #.#..#
#.# #.##.###.#


You could see Duvessa (berserk) and an orc.

Vanquished Creatures
  A hippogriff (D:7)
  A steam dragon (D:7)
  Menkaure (D:4)
  An orc warrior (D:7)
  An ice beast (D:6)
  A phantom (D:5)
  2 ogres
  5 centaurs
  A big kobold (D:7)
  4 bullfrogs
  5 gnoll sergeants (D:5)
  A water moccasin skeleton (D:7)
  Dowan (D:7)
  4 wights (D:6)
  2 vampire bats (D:6)
  A crimson imp (D:5)
  A quasit (D:7)
  3 gnoll shamans (D:5)
  9 hounds
  4 iguanas
  6 orc priests
  4 orc wizards
  7 worker ants
  A howler monkey zombie (D:6)
  38 gnolls (D:5)
  8 adders
  2 shadow imps
  2 oozes
  An adder zombie (D:6)
  3 adder skeletons
  4 worms
  5 dart slugs
  3 leopard geckos
  11 orcs
  3 bats
  3 bat skeletons (D:6)
  3 bat zombies (D:6)
  6 giant cockroaches
  10 goblins
  6 hobgoblins
  22 jackals
  8 kobolds
  2 ball pythons
  6 leopard gecko skeletons
  7 rats
220 creatures vanquished.

Notes
Turn   | Place    | Note
-------+----------+-------------------------------------------
     0 | D:1      | teukkam the Minotaur Fighter began the quest for the Orb.
     0 | D:1      | Reached XP level 1. HP: 19/19 MP: 0/0
    98 | D:2      | Reached XP level 2. HP: 21/27 MP: 1/1
   284 | D:4      | Reached XP level 3. HP: 7/33 MP: 2/2
   577 | D:5      | Entered Level 5 of the Dungeon
   620 | D:4      | Reached XP level 4. HP: 40/41 MP: 3/3
   642 | D:5      | Noticed a gnoll sergeant
  1022 | D:4      | Noticed Menkaure
  1029 | D:4      | Killed Menkaure
  1029 | D:4      | Reached skill level 5 in Fighting
  1029 | D:4      | Reached skill level 5 in Armour
  1029 | D:4      | Reached skill level 5 in Shields
  1029 | D:4      | Reached XP level 5. HP: 10/48 MP: 4/4
  1299 | D:4      | Found a stormy altar of Qazlal.
  1697 | D:4      | Reached XP level 6. HP: 53/56 MP: 5/5
  2269 | D:5      | Reached skill level 5 in Axes
  2269 | D:5      | Reached XP level 7. HP: 38/62 MP: 6/6
  2808 | D:5      | Found Mevotsed's Gadget Boutique.
  2813 | D:5      | Found Pokloon's Book Boutique.
  2838 | D:5      | Found a staircase to the Ecumenical Temple.
  2855 | Temple   | Entered the Ecumenical Temple
  2884 | Temple   | Became a worshipper of the Wu Jian Council
  2996 | D:5      | Reached XP level 8. HP: 31/71 MP: 7/7
  3248 | D:5      | Reached * piety under Wu Jian
  5466 | D:3      | Reached ** piety under Wu Jian
  5693 | D:5      | Reached skill level 1 in Long Blades
  5736 | D:5      | Reached skill level 1 in Slings
  5963 | D:5      | HP: 3/73 [centaur/arrow (7)]
  6420 | D:5      | Reached XP level 9. HP: 73/80 MP: 8/8
  7228 | D:6      | Reached *** piety under Wu Jian
  7521 | D:6      | Found an ancient bone altar of Kikubaaqudgha.
  7946 | D:6      | Found a radiant altar of Vehumet.
  8626 | D:7      | Noticed Duvessa
  8626 | D:7      | Noticed Dowan
  8878 | D:7      | Found Hubups's Antique Armour Shoppe.
  9704 | D:7      | Killed Dowan
  9705 | D:7      | Reached skill level 5 in Long Blades
  9883 | D:7      | Reached **** piety under Wu Jian
  9924 | D:7      | Reached XP level 10. HP: 15/90 MP: 9/9
  9926 | D:7      | HP: 4/90 [Duvessa/+1 short sword of flaming (4)]
  9927 | D:7      | HP: 1/90 [Duvessa/+1 short sword of flaming (1)]
  9929 | D:7      | Slain by Duvessa

Skill      XL: |  1  2  3  4  5  6  7  8  9 |
---------------+----------------------------+-----
Shields        | 4 5 6 7 9 |  9.0
Fighting       | 4 5 6 7 8 |  8.9
Axes           | 3 4 5 6 |  6.3
Armour         | 4 5 6 7 9 |  9.0
Long Blades    | 3 5 |  5.4
Slings         | 2 4 |  4.7

Action                   |  1- 3 |  4- 6 |  7- 9 | 10-12 || total
-------------------------+-------+-------+-------+-------++-------
Melee: War axe           |    28 |    64 |   126 |       ||   218
       Headbutt          |     6 |    14 |    86 |     1 ||   107
       Falchion          |       |       |   332 |     1 ||   333
 Fire: Hunting sling     |       |       |   150 |       ||   150
Throw: Throwing net      |       |       |     6 |       ||     6
Invok: Lunge             |       |       |    39 |       ||    39
       Whirlwind         |       |       |    44 |       ||    44
 Abil: Wall Jump         |       |       |     3 |       ||     3
Evoke: Wand              |       |       |     5 |       ||     5
  Use: Scroll            |     1 |     3 |    10 |       ||    14
       Potion            |     1 |     1 |     9 |     2 ||    13
  Eat: Chunk             |       |     4 |     9 |       ||    13
       Ration            |       |       |     5 |       ||     5
Armor: Scale mail        |    10 |       |       |       ||    10
       Ring mail         |     4 |    14 |    45 |       ||    63
       Skin              |       |       |    36 |       ||    36
       Leather armour    |       |       |    45 |       ||    45
Dodge: Dodged            |    17 |    25 |   163 |       ||   205
Block: Shield            |    17 |    37 |   349 |     2 ||   405
       Rpst.: Falchion   |       |       |    22 |       ||    22
